 Dungeon Crawl Stone Soup version 0.30-a0-339-g89bb51ec76 (webtiles) character file.

Game seed: 13045447346854752020

1720 retardedninja the Chopper (level 9, 0/88 HPs)
             Began as a Hill Orc Fighter on Oct 31, 2022.
             Slain by an ogre
             ... wielding a +0 giant club
              (19 damage)
             ... on level 6 of the Dungeon.
             The game lasted 00:09:25 (6033 turns).

retardedninja the Chopper (Hill Orc Fighter)        Turns: 6033, Time: 00:09:25

Health: 0/88       AC: 11    Str: 23    XL:     9   Next: 4%
Magic:  9/9        EV:  9    Int:  8    God:
Gold:   360        SH:  5    Dex: 10    Spells: 8/8 levels left

rFire   . . .      SeeInvis .    a - +0 war axe
rCold   . . .      Faith    .    c - +0 buckler
rNeg    . . .      Spirit   .    b - +0 scale mail
rPois   .          Reflect  .    (no helmet)
rElec   .          Harm     .    (no cloak)
rCorr   .          Rampage  .    (no gloves)
Will    .....                    (no boots)
Stlth   ..........               (no amulet)
HPRegen 0.34/turn                g - +4 ring of protection
MPRegen 0.11/turn                (no ring)

@: unable to drink
A: sense surroundings 1, robust 1, inability to drink after injury 1
a: no special abilities


You were on level 6 of the Dungeon.
You visited 2 branches of the dungeon, and saw 7 of its levels.

You collected 360 gold pieces.

Inventory:

Hand Weapons
 a - a +0 war axe (weapon)
Missiles
 j - a throwing net
 m - 4 silver javelins (quivered)
Armour
 b - a +0 scale mail (worn)
 c - a +0 buckler (worn)
 u - a +0 pair of boots
Jewellery
 g - a +4 ring of protection (left hand)
Wands
 d - a wand of polymorph (11)
 v - a wand of charming (10)
Scrolls
 e - 7 scrolls of identify {unknown}
 f - a scroll of silence {unknown}
 i - a scroll of vulnerability {unknown}
 l - a scroll of teleportation {unknown}
 q - a scroll of amnesia {unknown}
 r - a scroll of enchant weapon {unknown}
 s - 2 scrolls of fear {unknown}
 w - a scroll of butterflies {unknown}
Potions
 n - a potion of haste


   Skills:
 + Level 7.7 Fighting
 + Level 7.7 Axes
 + Level 6.9 Armour
 + Level 7.0 Shields


You had 8 spell levels left.
You didn't know any spells.
Your spell library contained the following spells:

 Spells                   Type           Power      Damage    Failure   Level
 Sublimation of Blood     Necr           0%         N/A       88%         2
 Wereblood                Tmut           0%         N/A       88%         2
 Portal Projectile        Hex/Tloc       0%         N/A       98%         3
 Tukima's Dance           Hex            0%         N/A       98%         3
 Blade Hands              Tmut           0%         N/A       100%        5
 Summon Hydra             Summ           0%         N/A       100%        7


Dungeon Overview and Level Annotations

Branches:
Dungeon (6/15)             Temple (1/1) D:5

Altars:
Elyvilon
Fedhas
Nemelex Xobeh
Okawaru
Qazlal
Uskayaw
Vehumet
Wu Jian
Xom
Zin
The Shining One

Shops:
D:3 [=


Innate Abilities, Weirdness & Mutations

You passively map a small area around you.
You are robust. (+10% HP)
You occasionally lose the ability to drink potions when taking damage.


Message History

You hit the ogre.
The ogre is moderately wounded.
Unknown command.
You hit the ogre.
The ogre is heavily wounded.
You block the ogre's attack.
Unknown command.
You barely miss the ogre.
The ogre is heavily wounded.
The ogre barely misses you.
Unknown command.
You completely miss the ogre.
The ogre is heavily wounded.
The ogre hits you with a +0 giant club!
Unknown command.
You hit the ogre but do no damage.
The ogre is heavily wounded.
Unknown command.
You closely miss the ogre.
The ogre is heavily wounded.
The ogre hits you with a +0 giant club!!
You feel threatened and lose the ability to drink potions!
Unknown command.
You are too injured to fight recklessly!
Unknown command.
You are too injured to fight recklessly!
Unknown command.
You are too injured to fight recklessly!
Unknown command.
You are too injured to fight recklessly!
You slash the ogre!
The ogre is severely wounded.
You can drink potions again.
The ogre hits you with a +0 giant club!
* * * LOW HITPOINT WARNING * * *
You hit the ogre.
The ogre is severely wounded.
The ogre hits you with a +0 giant club!!
You feel threatened and lose the ability to drink potions!
You die...

##~###### , , , #~~~~~~#~ *
* #~~~#†~#~ * * ##~##~~## ,
#~#~~~~# ####### #~#~.~~#
#.....# , ##.##~##~~##
####.....####.....#~~~####~
#..)......@).....##~~~~~~~~
#.##....$##O<.....##~######
#.##.......h...... ### #
##.#######.#.......*
##...## .##......
#..#..#####..###....
#.###.......##* ...#
#..#.)####### ######
#....## *, #.# ##


You could see an ogre and a hound.

Vanquished Creatures
  Menkaure (D:5)
  Edmund (D:4)
  A sky beast (D:6)
  An ogre (D:6)
  A centaur (D:5)
  A phantom (D:5)
  2 scorpions
  A bullfrog (D:6)
  A necrophage (D:6)
  5 wights (D:6)
  4 jellies
  A gnoll bouda (D:6)
  2 orc priests
  2 hounds
  4 iguanas
  An orc wizard (D:6)
  Robin (D:4)
  4 gnolls (D:6)
  5 adders
  3 white imps
  3 ufetubi
  3 worms
  3 dart slugs
  13 orcs
  2 ball pythons (D:1)
  6 bats
  4 endoplasms
  6 giant cockroaches
  10 goblins
  13 hobgoblins
  9 jackals
  9 kobolds
  4 quokkas
  3 frilled lizards
  8 rats
138 creatures vanquished.

Notes
Turn   | Place    | Note
-------+----------+-------------------------------------------
     0 | D:1      | retardedninja the Hill Orc Fighter began the quest for the
                  | Orb.
     0 | D:1      | Reached XP level 1. HP: 19/19 MP: 1/1
   177 | D:1      | Reached XP level 2. HP: 22/27 MP: 2/2
   585 | D:1      | Reached XP level 3. HP: 33/33 MP: 3/3
  1235 | D:2      | Reached XP level 4. HP: 38/40 MP: 4/4
  1324 | D:2      | Found a glowing silver altar of Zin.
  1856 | D:3      | Reached XP level 5. HP: 47/47 MP: 5/5
  1914 | D:3      | Found Sumazikh's Jewellery Shoppe.
  2217 | D:3      | Found Seutyitt's Armour Shop.
  2379 | D:4      | Noticed Edmund
  2385 | D:4      | Reached skill level 5 in Fighting
  2389 | D:4      | Reached XP level 6. HP: 49/56 MP: 6/6
  2396 | D:4      | Killed Edmund
  2522 | D:4      | Reached skill level 5 in Axes
  2571 | D:4      | Found an iron altar of Okawaru.
  2952 | D:4      | Noticed Robin
  2958 | D:4      | Reached skill level 5 in Shields
  2969 | D:4      | Killed Robin
  3118 | D:4      | Found a sparkling altar of Nemelex Xobeh.
  3183 | D:4      | Reached skill level 5 in Armour
  3183 | D:4      | Reached XP level 7. HP: 54/61 MP: 7/7
  3322 | D:5      | Entered Level 5 of the Dungeon
  3333 | D:5      | Noticed Menkaure
  3340 | D:5      | Killed Menkaure
  3361 | D:5      | Found a staircase to the Ecumenical Temple.
  3680 | Temple   | Entered the Ecumenical Temple
  4321 | D:5      | Reached XP level 8. HP: 68/71 MP: 8/8
  5627 | D:6      | HP: 1/73 [wight/+0 halberd (6)]
  5634 | D:6      | Gained mutation: You occasionally lose the ability to drink
                  | potions when taking damage. [potion of mutation]
  5634 | D:6      | Gained mutation: You are robust. (+10% HP) [potion of
                  | mutation]
  5634 | D:6      | Gained mutation: You passively map a small area around you.
                  | [potion of mutation]
  5637 | D:6      | HP: 4/115 [wight/+0 halberd (8)]
  5647 | D:6      | Reached XP level 9. HP: 5/86 MP: 9/9
  6033 | D:6      | Slain by an ogre

Illustrated notes

Levels and vault maps discovered:
D:1:      dpeg_arrival_simpleton_b, layout_basic
D:2:      layout_loops_ring, basic_altar
D:3:      layout_loops_cross, serial_shops, nicolae_square_shop,
          nicolae_shop_advertising_works [nicolae_subvault_shop_adworks]
D:4:      layout_cave_pools, mainiacjoe_overflow_chevrons,
          nemelex_spade_bored_becter, uniq_robin, uniq_edmund
D:5:      layout_loops_ring, minmay_temple_entry_waves, uniq_menkaure
D:6:      layout_loops_ring, makhleb_blood_cavern_becter,
          gup_sewer_entry_bubbles
Temple:   nicolae_temple_ecumenical_triangle

Skill      XL: |  1  2  3  4  5  6  7  8  9 |
---------------+----------------------------+-----
Axes           | 3 4 5 6 7 |  7.7
Fighting       | 4 5 6 7 |  7.7
Armour         | 4 5 6 |  6.9
Shields        | 4 5 6 7 |  7.0

Action                   |  1- 3 |  4- 6 |  7- 9 || total
-------------------------+-------+-------+-------++-------
Melee: War axe           |    78 |   110 |   219 ||   407
Throw: Javelin           |    24 |     8 |     3 ||    35
       Throwing net      |     2 |       |       ||     2
  Use: Potion            |       |     3 |    11 ||    14
 Stab: Invisible         |       |       |     1 ||     1
Armor: Scale mail        |    38 |    68 |   126 ||   232
       Skin              |       |       |     4 ||     4
Dodge: Dodged            |    44 |    60 |   108 ||   212
Block: Buckler           |    11 |    17 |    58 ||    86

Table legend: (Time is in decaauts)
 A = Elapsed time spent in this place.
 B = Non-inter-level travel time spent in this place.
 C = Inter-level travel time spent in this place.
 D = Time resting spent in this place.
 E = Time spent auto-exploring this place.
 F = Levels seen in this place.
 G = Mean time per level.
                   A        B        C        D        E       F      G
               +--------+--------+--------+--------+--------+-----+--------+
         Total |   6150 |   6049 |    101 |   1582 |   3506 |   7 |  878.6 |
       Dungeon |   6106 |   6022 |     84 |   1582 |   3487 |   6 | 1017.7 |
        Temple |     43 |     26 |     17 |      0 |     19 |   1 |   43.0 |
               +--------+--------+--------+--------+--------+-----+--------+

Top non-repeatable levels by time:
     D:6: 1683 daAuts
     D:1: 1054 daAuts
     D:5: 1038 daAuts
     D:4: 939 daAuts
     D:3: 719 daAuts
     D:2: 672 daAuts
  Temple: 43 daAuts
